 Dungeon Crawl Stone Soup version 0.29.1-4-g47bece8355 (webtiles) character file.

Game seed: 7226124135153922685

672 Sambug2000 the Chopper (level 7, -3/61 HPs)
             Began as a Minotaur Fighter on Dec 6, 2022.
             Slain by a two-headed ogre
             ... wielding a +0 giant club
              (17 damage)
             ... on level 4 of the Dungeon.
             The game lasted 00:06:30 (4182 turns).

Sambug2000 the Chopper (Minotaur Fighter)           Turns: 4182, Time: 00:06:30

Health: -3/61      AC: 14    Str: 23    XL:     7   Next: 32%
Magic:  6/6        EV:  6    Int:  5    God:
Gold:   221        SH:  5    Dex:  9    Spells: 6/6 levels left

rFire   . . .      SeeInvis .   a - +1 war axe
rCold   . . .      Faith    .   c - +0 buckler
rNeg    . . .      Spirit   .   b - +1 plate armour
rPois   .          Reflect  .   (helmet restricted)
rElec   .          Harm     .   e - +0 cloak
rCorr   .          Rampage  .   (no gloves)
Will    .....                   (no boots)
Stlth   ..........              (no amulet)
HPRegen 0.20/turn               (no ring)
MPRegen 0.10/turn               (no ring)

@: mighty
A: horns 2, retaliatory headbutt
a: no special abilities


You were on level 4 of the Dungeon.
You visited 1 branch of the dungeon, and saw 4 of its levels.
You also visited: Ossuary.

You collected 221 gold pieces.

Inventory:

Hand Weapons
 a - a +1 war axe (weapon)
Armour
 b - a +1 plate armour (worn)
 c - a +0 buckler (worn)
 e - a +0 cloak (worn)
Wands
 o - a wand of mindburst (8)
 p - a wand of digging (6)
Scrolls
 h - a scroll of torment
 j - a scroll of silence {unknown}
 q - 3 scrolls of noise {unknown}
 r - 3 scrolls of teleportation
 s - a scroll of enchant armour
 t - a scroll of fog {unknown}
Potions
 f - a potion of ambrosia
 g - a potion of mutation
 i - 3 potions of flight
 k - a potion of berserk rage {unknown}
 l - 3 potions of curing
 m - a potion of degeneration {unknown}
 n - a potion of lignification {unknown}


   Skills:
 + Level 5.6 Fighting
 * Level 6.4 Axes
 + Level 5.5 Armour
 + Level 5.7 Shields


You had 6 spell levels left.
You didn't know any spells.
Your spell library contained the following spells:

 Spells                   Type           Power      Damage    Failure   Level
 Alistair's Intoxication  Tmut/Pois      0%         N/A       100%        5
 Borgnjor's Vile Clutch   Necr/Erth      0%         N/A       100%        5
 Eringya's Noxious Bog    Tmut/Pois      0%         N/A       100%        6


Dungeon Overview and Level Annotations

Branches:
Dungeon (4/15)            Ossuary (visited)
 Temple: D:4-7

Altars:


Innate Abilities, Weirdness & Mutations

You have a pair of horns on your head.
You reflexively headbutt those who attack you in melee.


Message History

Found a short sword.
Found a stone staircase leading down.
The two-headed ogre shouts in stereo!
The orc closely misses you.
You hit the orc.
The orc is heavily wounded.
The kobold throws a poisoned dart.
The poisoned dart closely misses you. The orc hits you but does no damage.
You hit the orc. Your headbutt misses the orc.
The orc is almost dead.
The kobold throws a poisoned dart.
The poisoned dart hits you!
You are poisoned.
The orc hits you but does no damage.
You slash the orc!
You kill the orc!
You feel very sick.
An orc comes into view.
It is wielding a +0 hand axe and carrying a wand of iceblast (4).
An orc comes into view. It is wielding a +0 trident.
You feel sick.
You feel sick.
You closely miss the kobold.
You feel sick. The kobold hits you but does no damage.
You hit the kobold.
You kill the kobold!
You feel sick.
You barely miss the two-headed ogre.
You feel sick.
The two-headed ogre hits you but does no damage.
The two-headed ogre hits you with a +0 giant club!
You barely miss the two-headed ogre.
You feel sick.
You are no longer poisoned.
The two-headed ogre hits you with a +0 giant club.
The two-headed ogre hits you with a +0 giant club!
You feel better. The two-headed ogre barely misses you.
You furiously retaliate!
You headbutt the two-headed ogre!
The two-headed ogre hits you with a +0 giant club!
* * * LOW HITPOINT WARNING * * *
You feel very mighty all of a sudden.
You barely miss the two-headed ogre. You headbutt the two-headed ogre.
The two-headed ogre is moderately wounded.
The two-headed ogre hits you with a +0 giant club!
You die...

#.#. .#>)#
#..#.# #.#.. #⌠.
#..#.# #.##.#
... o#†.#
#..#..# ..≈
..#..# ##.
#..##.###..##†##
. #.....K..##..#
#)8o.8.##..##
...###O####...#
#......@.....##
#........)...#
##..........##
##........##
##########


You could see a two-headed ogre and an orc.

Vanquished Creatures
  A water moccasin (D:4)
  The ghost of sigtrap the Chopper, an amateur GnBe of Trog (D:3)
  2 elf zombies (Ossuary)
  A centaur zombie (Ossuary)
  A human zombie (Ossuary)
  A jelly (D:4)
  Crazy Yiuf (D:2)
  3 mummies
  7 adders
  An adder zombie (Ossuary)
  3 worms
  2 orcs (D:4)
  8 ball pythons
  6 endoplasms
  6 giant cockroaches
  8 goblins
  13 hobgoblins
  5 quokkas
  6 bats
  2 frilled lizards
  A goblin zombie (Ossuary)
  8 hobgoblin zombies (Ossuary)
  3 jackal zombies (Ossuary)
  10 kobolds
  10 kobold zombies (Ossuary)
  9 orc zombies (Ossuary)
  8 rats
  A rat zombie (Ossuary)
128 creatures vanquished.

Notes
Turn   | Place    | Note
-------+----------+-------------------------------------------
     0 | D:1      | Sambug2000 the Minotaur Fighter began the quest for the
                  | Orb.
     0 | D:1      | Reached XP level 1. HP: 19/19 MP: 0/0
   126 | D:1      | Reached XP level 2. HP: 20/27 MP: 1/1
   561 | D:1      | Reached skill level 3 in Axes
   758 | D:1      | Found a faded altar of an unknown god.
   821 | D:1      | Reached XP level 3. HP: 25/33 MP: 2/2
  2063 | D:2      | Found a runed translucent door.
  2064 | D:2      | Noticed Crazy Yiuf
  2177 | D:2      | Killed Crazy Yiuf
  2178 | D:2      | Reached XP level 4. HP: 20/40 MP: 3/3
  2696 | D:3      | Reached skill level 4 in Axes
  2719 | D:3      | Found a runed translucent door.
  2723 | D:3      | Noticed sigtrap's ghost (amateur GnBe)
  2739 | D:3      | Killed sigtrap's ghost
  2740 | D:3      | Reached XP level 5. HP: 47/47 MP: 4/4
  2744 | D:3      | Found a runed translucent door.
  3302 | D:3      | Reached skill level 5 in Axes
  3505 | D:4      | Noticed a water moccasin
  3512 | D:4      | Killed a water moccasin
  3513 | D:4      | Reached skill level 5 in Fighting
  3513 | D:4      | Reached skill level 5 in Armour
  3513 | D:4      | Reached skill level 5 in Shields
  3513 | D:4      | Reached XP level 6. HP: 56/56 MP: 5/5
  3564 | D:4      | Found a sand-covered staircase.
  3573 | Ossuary  | Entered an ossuary
  3692 | Ossuary  | Reached skill level 6 in Axes
  3692 | Ossuary  | Reached XP level 7. HP: 52/61 MP: 6/6
  4170 | D:4      | Noticed a two-headed ogre
  4182 | D:4      | Slain by a two-headed ogre

Illustrated notes

Levels and vault maps discovered:
D:1:      evilmike_arrival_plus, layout_basic,
          shapermc_ecumenical_altar_totnotflames, minmay_tromino_v4_c
D:2:      layout_loops_corners, minmay_quadrilaterals, uniq_crazy_yiuf_cottage
D:3:      layout_basic, ebering_ghost_sewer_f
D:4:      layout_basic, gup_ossuary_entry_pyramid, kennysheep_donut,
          nzn_random_ring

Skill      XL: |  1  2  3  4  5  6 |
---------------+-------------------+-----
Axes           | 3 4 5 6 |  6.4
Shields        | 4 5 |  5.7
Fighting       | 4 5 |  5.6
Armour         | 4 5 |  5.5

Action                   |  1- 3 |  4- 6 |  7- 9 || total
-------------------------+-------+-------+-------++-------
Melee: War axe           |    95 |   104 |    57 ||   256
       Headbutt          |     7 |    25 |     9 ||    41
  Use: Scroll            |     2 |     8 |       ||    10
       Potion            |       |     2 |     2 ||     4
Armor: Scale mail        |    27 |       |       ||    27
       Plate armour      |    38 |    58 |    27 ||   123
Dodge: Dodged            |    44 |    38 |    13 ||    95
Block: Buckler           |    29 |    26 |    12 ||    67
